 Dungeon Crawl Stone Soup version 0.20.1-1-g8b1a95d (webtiles) character file.

277 dohliylev the Covert (level 6, 0/42 HPs)
             Began as a Vampire Enchanter on Dec 7, 2017.
             Killed from afar by an electric eel (7 damage)
             ... with a bolt of electricity
             ... on level 4 of the Dungeon.
             The game lasted 00:11:51 (3407 turns).

dohliylev the Covert (Vampire Enchanter)            Turns: 3407, Time: 00:11:51

Health: 0/42       AC:  4    Str:  7    XL:     6   Next: 4%
Magic:  10/10      EV: 13    Int: 17    God:
Gold:   141        SH:  0    Dex: 17    Spells: 5/11 levels left

rFire    x . .     SeeInvis +   a - +2 short sword (vamp)
rCold    + . .     Gourm    .   (no shield)
rNeg     . . .     Faith    .   b - +0 robe
rPois    .         Spirit   .   (no helmet)
rElec    .         Reflect  .   n - +1 cloak
rCorr    .         Harm     .   (no gloves)
MR       .....                  (no boots)
Stlth    ++........             (no amulet)
Regen    0.4/turn               m - ring of ice
MPRegen  0.2/turn               (no ring)

@: regenerating quickly, very slow
A: fangs 3, see invisible, unbreathing
a: no special abilities


You were on level 4 of the Dungeon.
You were full.

You visited 1 branch of the dungeon, and saw 4 of its levels.

You collected 141 gold pieces.

Inventory:

Hand Weapons
 a - a +2 vampiric short sword (weapon)
 p - a +2 dagger of venom
Armour
 b - a +0 robe (worn)
 n - a +1 cloak (worn)
Jewellery
 m - a ring of ice (left hand)
Wands
 q - a wand of disintegration (17/24)
 r - a wand of disintegration (16/24)
 t - a wand of flame (23/48)
Scrolls
 g - 2 scrolls of remove curse
 i - a scroll of blinking
 o - a scroll of enchant weapon
Potions
 d - 13 potions of blood
 e - 3 potions of curing {unknown}
 f - a potion of agility {unknown}
 j - a potion of berserk rage {unknown}
 k - a potion of ambrosia {unknown}
 l - a potion of heal wounds {unknown}
Books
 c - a book of Maledictions

   Spells                             Type                      Level
   a - Corona                         Hexes                        1
   b - Ensorcelled Hibernation        Hexes/Ice                    2
   c - Confuse                        Hexes                        3
   d - Tukima's Dance                 Hexes                        3
   e - Dazzling Spray                 Conjuration/Hexes            3


   Skills:
 - Level 0.3 Fighting
 - Level 1.1 Short Blades
 - Level 2.1 Dodging
 + Level 8.2 Stealth
 - Level 3.0 Spellcasting
 - Level 6.1 Hexes
 - Level 1.0 Ice Magic


You had 5 spell levels left.
You knew the following spells:

 Your Spells              Type           Power        Failure   Level  Hunger
a - Corona                Hex            ###....      1%          1    None
b - Ensorcelled Hibernat  Hex/Ice        ###...       6%          2    ##.....
c - Confuse               Hex            ###.....     4%          3    ###....


Dungeon Overview and Level Annotations

Branches:
Dungeon (4/15)
 Temple: D:4-7

Altars:

Annotations:
D:4 1 transporter


Innate Abilities, Weirdness & Mutations

Your natural rate of healing is unusually fast.
You have razor-sharp teeth.
You have supernaturally acute eyesight. (SInv)
You can survive without breathing.


Message History

You start waiting.
The worker ant waves its antennae. x2
Done waiting.
You enter the shallow water.
Moving in this stuff is going to be slow.
There isn't anything here!
As you open the door, it creaks loudly!
The electric eel shoots out a bolt of lightning at you!
The bolt of electricity hits you! The bolt of electricity misses you.
The electric eel shoots out a bolt of lightning at you!
The bolt of electricity misses you.
You enter the shallow water.
Moving in this stuff is going to be slow.
The electric eel shoots out a bolt of lightning at you!
The bolt of electricity hits you! x2
The electric eel shoots out a bolt of lightning at you!
The bolt of electricity hits you!
* * * LOW HITPOINT WARNING * * *
The bolt of electricity hits you!
You die...

##.# #........###
...#####........#####
................a...#
#.#.###############.###
#.#.#8P#≈≈≈≈≈;;#P8#.#.#
#...#..#.......#..#...##.#.
#...#©[+...♣...'..#©.......
#...#..#.......#..#...##.#.
#.#.#8P#≈≈≈≈≈;;#@8#...# ..
#.#)###############...#
..#.....................
.........###########.....
#.###.##.. ..### .... .#


You could see a worker ant and 4 electric eels.

Vanquished Creatures
  A hound (D:4)
  An iguana (D:4)
  Ijyb (D:3)
  A worker ant (D:3)
  4 adders
  5 gnolls (D:2)
  2 oozes
  An adder skeleton (D:4)
  2 worms
  A dart slug (D:1)
  4 leopard geckos
  9 orcs
  6 bats
  3 giant cockroaches
  6 goblins
  2 hobgoblins
  6 kobolds
  A ball python (D:3)
  4 frilled lizards
  7 rats
  A plant (D:4)
68 creatures vanquished.

Notes
Turn   | Place    | Note
-------+----------+-------------------------------------------
     0 | D:1      | dohliylev the Vampire Enchanter began the quest for the Orb.
     0 | D:1      | Reached XP level 1. HP: 13/13 MP: 3/3
   416 | D:1      | Reached XP level 2. HP: 19/19 MP: 5/5
   422 | D:1      | Learned a level 2 spell: Ensorcelled Hibernation
   652 | D:1      | Reached skill level 5 in Stealth
  1189 | D:2      | Reached skill level 5 in Hexes
  1189 | D:2      | Reached XP level 3. HP: 12/25 MP: 1/6
  1541 | D:2      | Reached XP level 4. HP: 23/31 MP: 1/7
  1731 | D:2      | Reached skill level 1 in Ice Magic
  2007 | D:3      | Noticed Ijyb
  2026 | D:3      | Reached skill level 6 in Stealth
  2105 | D:3      | Killed Ijyb
  2105 | D:3      | Reached XP level 5. HP: 36/36 MP: 6/9
  2558 | D:3      | Reached skill level 7 in Stealth
  2568 | D:3      | Learned a level 3 spell: Confuse
  2882 | D:4      | Reached skill level 8 in Stealth
  2882 | D:4      | Reached XP level 6. HP: 41/42 MP: 5/10
  2951 | D:4      | Found a transporter.
  2965 | D:4      | Found a transporter.
  3407 | D:4      | Killed from afar by an electric eel

Skill      XL: |  1  2  3  4  5 |
---------------+----------------+-----
Stealth        | 5 6 8 |  8.2
Hexes          | 5 6 |  6.1
Ice Magic      | 1 |  1.0
Spellcasting   | 3 |  3.0
Fighting       | |  0.3
Short Blades   | |  1.1
Dodging        | |  2.1

Action                   |  1- 3 |  4- 6 || total
-------------------------+-------+-------++-------
Melee: Dagger            |    68 |     6 ||    74
       Bite              |     5 |    18 ||    23
       Short sword       |       |   166 ||   166
 Cast: Corona            |     6 |     3 ||     9
       Ensorcelled Hiber |    12 |    19 ||    31
       Confuse           |       |     1 ||     1
  Use: Scroll            |       |     4 ||     4
 Stab: Sleeping          |     9 |    25 ||    34
  Eat: Corpse            |     8 |    11 ||    19
Armor: Robe              |     5 |    24 ||    29
Dodge: Dodged            |    39 |    84 ||   123
